 Dungeon Crawl Stone Soup version 0.29.1-15-g9cfb28693d (webtiles) character file.

Game seed: 12195242354480711054

37 H0rd4k the Charlatan (level 3, -1/26 HPs)
             Began as a Human Artificer on Mar 27, 2023.
             Slain by Robin
             ... wielding a +0 spear
              (6 damage)
             ... on level 2 of the Dungeon.
             The game lasted 00:01:12 (1634 turns).

H0rd4k the Charlatan (Human Artificer)              Turns: 1634, Time: 00:01:14

Health: -1/26      AC:  3    Str: 12    XL:     3   Next: 60%
Magic:  3/3        EV: 11    Int: 13    God:
Gold:   47         SH:  0    Dex: 13    Spells: 2/2 levels left

rFire   . . .      SeeInvis .   n - +1 dagger (venom)
rCold   . . .      Faith    .   (no shield)
rNeg    . . .      Spirit   .   b - +0 leather armour
rPois   .          Reflect  .   (no helmet)
rElec   .          Harm     .   (no cloak)
rCorr   .          Rampage  .   (no gloves)
Will    .....                   (no boots)
Stlth   +.........              (no amulet)
HPRegen 0.08/turn               (no ring)
MPRegen 0.08/turn               (no ring)

@: no status effects
A: no striking features
a: no special abilities


You were on level 2 of the Dungeon.
You visited 1 branch of the dungeon, and saw 2 of its levels.

You collected 47 gold pieces.

Inventory:

Hand Weapons
 n - a +1 dagger of venom (weapon)
Armour
 b - a +0 leather armour (worn)
Jewellery
 i - a ring of ice
Wands
 c - a wand of flame (13) (quivered)
 d - a wand of charming (15)
 e - a wand of iceblast (5)
Scrolls
 h - a scroll of enchant armour {unknown}
 j - a scroll of butterflies {unknown}
 k - 2 scrolls of identify {unknown}
Potions
 f - a potion of flight {unknown}
 g - a potion of ambrosia {unknown}
 l - 2 potions of mutation {unknown}
 m - a potion of brilliance {unknown}


   Skills:
 + Level 1.1 Fighting
 - Level 0.6 Maces & Flails
 + Level 2.4 Armour
 + Level 1.2 Dodging
 + Level 1.2 Stealth
 + Level 3.7 Evocations


You had 2 spell levels left.
You didn't know any spells.
Your spell library contained the following spells:

 Spells                   Type           Power      Damage    Failure   Level
 Apportation              Tloc           0%         N/A       36%         1
 Passage of Golubria      Tloc           0%         N/A       98%         4
 Silence                  Hex/Air        0%         N/A       100%        5
 Lehudib's Crystal Spear  Conj/Erth      0%         10d2      100%        8


Dungeon Overview and Level Annotations

Branches:
Dungeon (2/15)

Altars:

Annotations:
D:2 Robin


Message History

The hobgoblin attacks as you move away! The hobgoblin hits you.
A hobgoblin comes into view.
The goblin barely misses you. The goblin attacks as you move away!
The goblin closely misses you.
A hobgoblin comes into view.
The hobgoblin shouts!
A goblin comes into view. It is wielding a +0 club.
Robin roars a battlecry!
The goblins go into a battle-frenzy!
The hobgoblin shouts!
You hear a shout!
The goblin shouts!
The hobgoblin attacks as you move away! The hobgoblin hits you.
The goblin attacks as you move away! The goblin hits you with a +0 dagger.
You hit the goblin but do no damage.
The goblin is poisoned.
The goblin hits you but does no damage.
You hit the goblin.
The goblin looks even sicker.
The goblin is severely wounded.
You kill the goblin!
A hobgoblin comes into view.
You hit the hobgoblin.
The hobgoblin is poisoned.
The hobgoblin is moderately wounded.
The hobgoblin completely misses you.
You hit the hobgoblin but do no damage.
The hobgoblin is moderately wounded.
The hobgoblin hits you. Robin barely misses you.
You barely miss the hobgoblin.
The hobgoblin is severely wounded.
The hobgoblin barely misses you. Robin throws the goblin at you!
You hit the goblin.
The goblin is poisoned.
The goblin is heavily wounded.
You kill the hobgoblin!
Robin roars a battlecry!
The goblins go into a battle-frenzy!
The goblin completely misses you.
You hit the goblin.
The goblin looks as sick as possible!
The goblin is severely wounded.
You kill the goblin!
The goblin hits you with a +0 dagger.
* * * LOW HITPOINT WARNING * * *
Robin hits you from afar with a +0 spear.
You die...

####..# ..g.g #
#.#g#.# #<#g#.#
#.)...###
#........ #
#.gg..###
....#####g###.#
......)@g.# #.#
##.######## #..
##


You could see Robin, a hobgoblin (strong) and 2 goblins.

Vanquished Creatures
  A gnoll (D:1)
  A dart slug (D:1)
  3 ball pythons
  2 bats (D:1)
  An endoplasm (D:1)
  A giant cockroach (D:1)
  6 goblins
  2 hobgoblins
  3 kobolds (D:1)
  3 rats (D:1)
23 creatures vanquished.

Vanquished Creatures (others)
  A fungus (D:1)
  A plant (D:1)
2 creatures vanquished.

Grand Total: 25 creatures vanquished

Notes
Turn   | Place    | Note
-------+----------+-------------------------------------------
     0 | D:1      | H0rd4k the Human Artificer began the quest for the Orb.
     0 | D:1      | Reached XP level 1. HP: 15/15 MP: 1/1
   214 | D:1      | Reached XP level 2. HP: 5/21 MP: 2/2
   434 | D:1      | Found a faded altar of an unknown god.
   442 | D:1      | Got Plato's Atlas of the Map
   634 | D:1      | Reached XP level 3. HP: 23/26 MP: 3/3
  1617 | D:2      | Noticed Robin
  1634 | D:2      | Slain by Robin

Illustrated notes

Levels and vault maps discovered:
D:1:      dpeg_arrival_pits, layout_loops_corners,
          shapermc_ecumenical_altar_rom_forum, minivault_14
D:2:      layout_loops_ring, uniq_robin

Action                   || total
-------------------------++-------
Melee: Club              ||    76
       Dagger            ||    11
Evoke: Wand              ||     2
 Stab: Sleeping          ||     1
Armor: Leather armour    ||    28
Dodge: Dodged            ||    61
